 Dungeon Crawl Stone Soup version 0.29.1-15-g9cfb28693d (webtiles) character file.

Game seed: 13451734086359857464

41 dudediamond6 the Stinger (level 3, -1/19 HPs)
             Began as a Tengu Venom Mage on Mar 1, 2023.
             Succumbed to a goblin's poison
             ... on level 2 of the Dungeon.
             The game lasted 00:03:59 (2061 turns).

dudediamond6 the Stinger (Tengu Venom Mage)         Turns: 2061, Time: 00:04:00

Health: -1/19      AC:  2    Str:  8    XL:     3   Next: 52%
Magic:  6/7        EV: 12    Int: 17    God:
Gold:   37         SH:  0    Dex: 14    Spells: 3/6 levels left

rFire   . . .      SeeInvis .   (no weapon)
rCold   . . .      Faith    .   (no shield)
rNeg    . . .      Spirit   .   a - +0 robe
rPois   .          Reflect  .   (helmet restricted)
rElec   .          Harm     .   (no cloak)
rCorr   +          Rampage  .   (no gloves)
Will    .....                   (boots unavailable)
Stlth   ++........              (no amulet)
HPRegen 0.06/turn               c - ring of resist corrosion
MPRegen 0.10/turn               (no ring)

@: lethally poisoned (-1 -> -26)
A: beak, talons 3
a: no special abilities


You were on level 2 of the Dungeon.
You visited 1 branch of the dungeon, and saw 2 of its levels.

You collected 37 gold pieces.

Inventory:

Armour
 a - a +0 robe (worn)
Magical Staves
 f - a staff of cold
Jewellery
 c - a ring of resist corrosion (left hand)
Scrolls
 g - 2 scrolls of teleportation {unknown}
 i - a scroll of blinking {unknown}
 k - 2 scrolls of enchant weapon {unknown}
Potions
 b - a potion of magic
 d - a potion of degeneration {unknown}
 e - 3 potions of curing {unknown}
 h - 2 potions of lignification {unknown}
 j - a potion of attraction {unknown}


   Skills:
 + Level 2.3 Dodging
 + Level 2.1 Stealth
 + Level 2.4 Spellcasting
 + Level 1.3 Transmutations
 + Level 3.6 Poison Magic


You had 3 spell levels left.
You knew the following spells:

 Your Spells              Type           Power      Damage    Failure   Level
a - Sting                 Tmut/Pois      40%        1d5       7%          1
b - Poisonous Vapours     Pois/Air       16%        N/A       13%         2

Your spell library contained the following spells:

 Spells                   Type           Power      Damage    Failure   Level
 Mephitic Cloud           Conj/Pois/Air  6%         N/A       34%         3
 Olgreb's Toxic Radiance  Pois           14%        N/A       38%         4


Dungeon Overview and Level Annotations

Branches:
Dungeon (2/15)

Altars:


Innate Abilities, Weirdness & Mutations

You have a beak for a mouth.
You have claws for feet.


Message History

You kill the goblin!
You are out of magic!
You feel a bit more experienced.
You see here a frilled lizard corpse.
The sting hits the goblin.
The goblin is poisoned.
You kill the goblin!
A ball python comes into view.
The ball python hisses angrily.
The sting hits the ball python.
The ball python is poisoned.
You kill the ball python!
You see here a ball python corpse.
Found a stone staircase leading down.
There is a stone staircase leading down here.
A goblin comes into view.
It is wielding the +5 sling "Byiconke" {venom, rC+}.
You see here a scroll labelled CEODWA XO ERI.
No target in view!
No target in view!
k - 2 scrolls labelled CEODWA XO ERI (gained 1)
Found a short sword.
You can't see any susceptible monsters within range! (Use Z to cast anyway.)
Found a leather armour.
You can't see any susceptible monsters within range! (Use Z to cast anyway.)
The goblin shouts!
The goblin shoots a sling bullet.
The sling bullet hits you.
You are poisoned.
You feel very sick.
The goblin shoots a sling bullet.
The sling bullet hits you!
* * * LOW HITPOINT WARNING * * *
You are more poisoned.
You are too injured to fight recklessly!
You are too injured to fight recklessly!
You are too injured to fight recklessly!
Casting: Sting (safe; 7% risk of failure)
Confirm with . or Enter, or press ? or * to list all spells.
Aiming: Sting (safe; 7% risk of failure)
Press: ? - help, Shift-Dir - straight line, f - goblin
Aim: a goblin, wielding the +5 sling "Byiconke" {venom, rC+} (64% to hit)
The sting hits the goblin.
The goblin is poisoned.
The goblin is moderately wounded.
You die...

######......# ...#
..........### .#.
######..#.# #..#.#
#..#[# ###..#g#
#....#.# #.##.#.#
#.##.#@# #.##.#.#
#.####.##.#.#
#....)......###.##
######............
####.#####...
#.........
#########


You could see a goblin (poisoned).

Vanquished Creatures
  A dart slug (D:1)
  3 bats
  2 endoplasms (D:1)
  7 goblins
  6 hobgoblins
  4 ball pythons
  4 frilled lizards
  3 kobolds (D:1)
  6 rats (D:1)
36 creatures vanquished.

Vanquished Creatures (others)
  9 toadstools (D:2)
9 creatures vanquished.

Grand Total: 45 creatures vanquished

Notes
Turn   | Place    | Note
-------+----------+-------------------------------------------
     0 | D:1      | dudediamond6 the Tengu Venom Mage began the quest for the
                  | Orb.
     0 | D:1      | Reached XP level 1. HP: 10/10 MP: 4/4
   229 | D:1      | Reached XP level 2. HP: 14/15 MP: 0/6
   302 | D:1      | Learned a level 2 spell: Poisonous Vapours
   474 | D:1      | Found a faded altar of an unknown god.
   557 | D:1      | Reached skill level 1 in Transmutations
  1007 | D:1      | Reached XP level 3. HP: 19/19 MP: 5/7
  2039 | D:2      | Identified the +5 sling "Byiconke" {venom, rC+}
  2061 | D:2      | Succumbed to a goblin's poison

Illustrated notes

Levels and vault maps discovered:
D:1:      dpeg_arrival_morbid_curiosity, layout_basic,
          shapermc_ecumenical_altar_venn, bh_walls_and_bars
D:2:      cheibrodos_fertilizer, layout_loops_ring, grunt_decor_mini_mirrors,
          nicolae_figureground_pulse, uniq_robin

Skill      XL: |  1  2 |
---------------+-------+-----
Transmutations | 1 |  1.3
Dodging        | |  2.3
Stealth        | |  2.1
Spellcasting   | |  2.4
Poison Magic   | |  3.6

Action                   || total
-------------------------++-------
Melee: Unarmed           ||     1
 Cast: Sting             ||    69
       Poisonous Vapours ||    10
Armor: Robe              ||     4
Dodge: Dodged            ||    10
